 Dungeon Crawl Stone Soup version 0.21-a0-207-g4a9efaf (webtiles) character file.

130 Pyroxus the Skirmisher (level 4, -3/41 HPs)
             Began as a Draconian Chaos Knight on Aug 20, 2017.
             Slain by Sigmund
             ... wielding a +0 scythe
              (7 damage)
             ... on level 2 of the Dungeon.
             The game lasted 00:06:19 (1037 turns).

Pyroxus the Skirmisher (Draconian Chaos Knight)     Turns: 1037, Time: 00:06:20

Health: -3/41      AC:  5    Str: 16    XL:     4   Next: 89%
Magic:  4/4        EV: 12    Int: 12    God:    Xom [......]
Gold:   80         SH:  0    Dex: 10    Spells: 3/3 levels left

rFire    . . .     SeeInvis .   a - +1 spear (chaos)
rCold    . . .     Gourm    .   (no shield)
rNeg     . . .     Faith    .   (armour unavailable)
rPois    .         Spirit   .   (helmet restricted)
rElec    .         Reflect  .   o - -1 cloak
rCorr    .         Harm     .   (no gloves)
MR       .....                  (no boots)
Stlth    +.........             (no amulet)
HPRegen  0.13/turn              (no ring)
MPRegen  0.09/turn              (no ring)

@: no status effects
A: unfitting armour, cold-blooded, AC +5
a: Renounce Religion


You were on level 2 of the Dungeon.
You worshipped Xom.
You were a very special plaything of Xom.
You were hungry.

You visited 1 branch of the dungeon, and saw 2 of its levels.

You collected 80 gold pieces.

Inventory:

Hand Weapons
 a - a +1 spear of chaos (weapon)
 n - a +4 quarterstaff of chaos
Armour
 o - a -1 cloak (worn)
Scrolls
 d - a scroll of identify
Potions
 c - 2 potions of lignification {unknown}
 e - a potion of might {unknown}
 g - a potion of curing {unknown}
 h - 2 potions of cancellation {unknown}
 l - a potion of agility {unknown}
 m - a potion of brilliance
Comestibles
 b - a bread ration
 f - a meat ration
 i - 4 chunks of flesh


   Skills:
 + Level 4.7 Fighting
 + Level 4.3 Polearms
 + Level 2.5 Dodging
 + Level 0.4 Stealth


You had 3 spell levels left.
You didn't know any spells.

Dungeon Overview and Level Annotations

Branches:
Dungeon (2/15)

Altars:

Annotations:
D:2 Sigmund


Innate Abilities, Weirdness & Mutations

Your plain brown scales are hard. (AC +5)
You cannot fit into any form of body armour.
You are cold-blooded and may be slowed by cold attacks.


Message History

A hobgoblin and Sigmund come into view.
Sigmund shouts!
Sigmund points at you and mumbles some strange words.
The puff of flame hits you!
The hobgoblin shouts!
Sigmund casts a spell.
Sigmund flickers and vanishes!
Deactivating autopickup; reactivate with Ctrl-A.
The hobgoblin barely misses you.
You hit the hobgoblin. You freeze the hobgoblin.
You kill the hobgoblin!
Something hits you! Something hits you!
* * * LOW HITPOINT WARNING * * *
You barely miss something.
You are feeling hungry.
You hit something. Something hits you but does no damage.
You barely miss something. You barely miss something. Something hits you!
You die...

...##..................###......#
...#..............#.............#
................................#
.... ..####. .###..............##
# #..............## #.
#..............## #..
#............(.##
###...######'#####...####
......'{@....# #########
###...######## #........
##........# #.####### # #.#
#.#...... #.# #.###.#.. #.# #.#
#.### #.# #.# #.# # #.#####.# #.#
# #.......# #.# #


There were no monsters in sight!

Vanquished Creatures
  Crazy Yiuf (D:2)
  Terence (D:2)
  4 adders (D:2)
  A worm (D:2)
  2 dart slugs
  A leopard gecko (D:1)
  3 giant cockroaches
  4 goblins
  3 hobgoblins (D:2)
  5 kobolds
  A quokka (D:2)
  4 bats
  3 frilled lizards
  3 rats
36 creatures vanquished.

Notes
Turn   | Place    | Note
-------+----------+-------------------------------------------
     0 | D:1      | Pyroxus the Draconian Chaos Knight began the quest for the Orb.
     0 | D:1      | Reached XP level 1. HP: 19/19 MP: 1/1
   184 | D:1      | XOM: harmless Air miscast
   235 | D:1      | Reached XP level 2. HP: 27/27 MP: 2/2
   238 | D:1      | XOM: medium Conj miscast
   526 | D:1      | You fall through a shaft!
   562 | D:2      | Reached XP level 3. HP: 30/33 MP: 3/3
   627 | D:2      | XOM: 1-stop teleportation journey
   628 | D:2      | Noticed Terence
   651 | D:2      | Killed Terence
   723 | D:2      | Reached XP level 4. HP: 25/41 MP: 4/4
   768 | D:2      | Found a runed door.
   773 | D:2      | Noticed Crazy Yiuf
   777 | D:2      | XOM: butterfly on damage
   779 | D:2      | XOM: harmless Summ miscast
   781 | D:2      | Killed Crazy Yiuf
   992 | D:2      | XOM: harmless Chrm miscast
  1025 | D:2      | Noticed Sigmund
  1037 | D:2      | Slain by Sigmund

Vault maps used:
D:1:      scummos_arrival_star
D:2:      uniq_terence, uniq_crazy_yiuf_cottage, uniq_sigmund

Skill      XL: |  1  2  3  4 |
---------------+-------------+-----
Fighting       | 4 |  4.7
Polearms       | 4 |  4.3
Dodging        | |  2.5
Stealth        | |  0.4

Action                   |  1- 3 |  4- 6 || total
-------------------------+-------+-------++-------
Melee: Spear             |    70 |    41 ||   111
       Tailslap          |     5 |     6 ||    11
  Use: Scroll            |       |     6 ||     6
 Stab: Sleeping          |       |     1 ||     1
Armor: Skin              |    18 |     4 ||    22
Dodge: Dodged            |    27 |    12 ||    39
